TOP OF THE 1ST |
Phoenix Hotspur Youth batting - Pitching for Marquette Miners : RHP Torvald Geertsen
|
Pitching: RHP Torvald Geertsen
|
|
Batting: LHB Derek Blair
|
0-0: Swinging Strike 0-1: Ball 1-1: Foul Ball, location: 2F 1-2: Ball 2-2: Foul Ball, location: 2F 2-2: SINGLE (Line Drive, 6M)
|
Batting: LHB Richard Alpert
|
0-0: Ball 1-0: SINGLE (Line Drive, 4M) Derek Blair to second
|
Batting: LHB Luis Díaz
|
0-0: Fly out, F6 (Line Drive, 6D)
|
Batting: LHB Ricardo Peña
|
0-0: Called Strike 0-1: SINGLE (Groundball, 34D) Derek Blair to third Richard Alpert to second Runner from 3rd tries for Home, SAFE, no throw
|
Batting: LHB Jim Unknown
|
0-0: Called Strike 0-1: Ball 1-1: Called Strike 1-2: SINGLE (Line Drive, 6D) Richard Alpert to third Ricardo Peña to second Runner from 3rd tries for Home, SAFE, throw made home Ricardo Peña to third Jim Unknown to second
|
Batting: RHB Ed Sharp
|
0-0: Called Strike 0-1: Fly out, F9 (Flyball, 89D) Runner from 3rd tags up, SCORES, no throw
|
Batting: RHB Ben Anderson
|
0-0: Ball 1-0: Ground out 6-3 (Groundball, 6)
|
Top of the 1st over - 3 run(s), 4 hit(s), 0 error(s), 1 left on base; Phoenix Hotspur 3 - Marquette 0 |
BOTTOM OF THE 1ST |
Marquette Miners batting - Pitching for Phoenix Hotspur Youth : LHP Ricardo Sánchez
|
Pitching: LHP Ricardo Sánchez
|
|
Batting: RHB Harvey Spectre
|
0-0: Ball 1-0: Ball 2-0: Ball 3-0: Base on Balls
|
Batting: LHB Greg Gross
|
0-0: Ball 1-0: Swinging Strike 1-1: SINGLE (Groundball, 56D) Harvey Spectre to second
|
Batting: LHB Locke Lamora
|
0-0: Ball 1-0: Foul Ball, location: 2F 1-1: Swinging Strike 1-2: Ball 2-2: Ball 3-2: Strikes out looking
|
Batting: RHB Gerald Ambler
|
0-0: Ball 1-0: Called Strike Harvey Spectre steals 3rd base Greg Gross to second 1-1: Called Strike 1-2: Strikes out swinging
|
Batting: RHB Isaac Downey
|
0-0: Foul Ball, location: 2F 0-1: Ball 1-1: Foul Ball, location: 2F 1-2: Foul Ball, location: 2F 1-2: Foul Ball, location: 2F 1-2: Strikes out looking
|
Bottom of the 1st over - 0 run(s), 1 hit(s), 0 error(s), 2 left on base; Phoenix Hotspur 3 - Marquette 0 |
TOP OF THE 2ND |
Phoenix Hotspur Youth batting - Pitching for Marquette Miners : RHP Torvald Geertsen
|
Batting: RHB Carl Tucker
|
0-0: Swinging Strike 0-1: Called Strike 0-2: Ball 1-2: SINGLE (Line Drive, 56D)
|
Batting: RHB Billy Strauss
|
0-0: Fly out, F8 (Flyball, 8LM)
|
Batting: LHB Derek Blair
|
0-0: Ball 1-0: Swinging Strike 1-1: Ball 2-1: Ball 3-1: Base on Balls Carl Tucker to second
|
Batting: LHB Richard Alpert
|
0-0: Ball 1-0: Ball 2-0: Called Strike 2-1: Ball 3-1: Swinging Strike 3-2: Base on Balls Carl Tucker to third Derek Blair to second
|
Batting: LHB Luis Díaz
|
0-0: SINGLE (Groundball, 6MD) Carl Tucker scores Derek Blair to third Richard Alpert to second Runner from 3rd tries for Home, SAFE, no throw
|
Batting: LHB Ricardo Peña
|
0-0: Ball 1-0: Ball 2-0: SINGLE (Line Drive, 9LS) Richard Alpert to third Luis Díaz to second
|
Batting: LHB Jim Unknown
|
0-0: Ball 1-0: Swinging Strike 1-1: GRAND SLAM HOME RUN (Flyball, 9D), Distance : 404 ft
|
Pitching: RHP Mario Castillo
|
|
Batting: RHB Ed Sharp
|
0-0: Foul Ball, location: 2F 0-1: Ground out 6-3 (Groundball, 6)
|
Batting: RHB Ben Anderson
|
0-0: Called Strike 0-1: Ball 1-1: Fly out, F8 (Line Drive, 8RM)
|
Top of the 2nd over - 6 run(s), 4 hit(s), 0 error(s), 0 left on base; Phoenix Hotspur 9 - Marquette 0 |
BOTTOM OF THE 2ND |
Marquette Miners batting - Pitching for Phoenix Hotspur Youth : LHP Ricardo Sánchez
|
Batting: LHB Ramón Hernández
|
0-0: Ball 1-0: Ball 2-0: Called Strike 2-1: Ball 3-1: Base on Balls
|
Batting: RHB Ken Little
|
0-0: Ball 1-0: Ball 2-0: Foul Ball, location: 2F 2-1: Swinging Strike 2-2: Ball 3-2: SINGLE (Groundball, 4MD) Ramón Hernández to second Runner from 2nd tries for 3rd, SAFE, throw made to third
|
Batting: LHB Propsero Lavin
|
0-0: Called Strike 0-1: Ball 1-1: Ball 2-1: Ball Wild Pitch! Ramón Hernández scores Ken Little to second 3-1: Called Strike 3-2: Fly out, F7 (Flyball, 7LSF)
|
Batting: LHB Dong-hwan Yun
|
0-0: Ball 1-0: Ball 2-0: Ground out U3 (Groundball, 3S) Ken Little to third
|
Batting: RHB Harvey Spectre
|
0-0: Ball 1-0: Foul Ball, location: 2F 1-1: Foul Ball, location: 2F 1-2: Ball 2-2: Strikes out swinging
|
Bottom of the 2nd over - 1 run(s), 1 hit(s), 0 error(s), 1 left on base; Phoenix Hotspur 9 - Marquette 1 |
TOP OF THE 3RD |
Phoenix Hotspur Youth batting - Pitching for Marquette Miners : RHP Mario Castillo
|
Batting: RHB Carl Tucker
|
0-0: SINGLE (Groundball, 4MD)
|
Batting: RHB Billy Strauss
|
0-0: Ball 1-0: Called Strike 1-1: Foul Ball, location: 2F 1-2: Fly out, F8 (Flyball, 8LM)
|
Batting: LHB Derek Blair
|
0-0: Fly out, F4 (Popup, 4D)
|
Batting: LHB Richard Alpert
|
0-0: Ball 1-0: Ball 2-0: Called Strike 2-1: Ball 3-1: Base on Balls Carl Tucker to second
|
Batting: LHB Luis Díaz
|
0-0: Ball 1-0: Ball 2-0: Swinging Strike 2-1: Foul Ball, location: 2F 2-2: Ball 3-2: Fly out, F2 (Popup, 2L)
|
Top of the 3rd over - 0 run(s), 1 hit(s), 0 error(s), 2 left on base; Phoenix Hotspur 9 - Marquette 1 |
BOTTOM OF THE 3RD |
Marquette Miners batting - Pitching for Phoenix Hotspur Youth : LHP Ricardo Sánchez
|
Batting: LHB Greg Gross
|
0-0: Ball 1-0: Called Strike 1-1: SINGLE (Groundball, 6) (infield hit)
|
Batting: LHB Locke Lamora
|
0-0: Called Strike 0-1: Ball 1-1: Ball 2-1: Fielders Choice at 2nd, 1-6 (Groundball, 13)
|
Batting: RHB Gerald Ambler
|
0-0: Foul Ball, location: 2F 0-1: Ball 1-1: DOUBLE (Flyball, 78M) Locke Lamora to third
|
Batting: RHB Isaac Downey
|
0-0: Ground out 6-3 (Groundball, 56) Locke Lamora scores
|
Batting: LHB Ramón Hernández
|
0-0: Fly out, F7 (Flyball, 78M)
|
Bottom of the 3rd over - 1 run(s), 2 hit(s), 0 error(s), 1 left on base; Phoenix Hotspur 9 - Marquette 2 |
TOP OF THE 4TH |
Phoenix Hotspur Youth batting - Pitching for Marquette Miners : RHP Mario Castillo
|
Batting: LHB Ricardo Peña
|
0-0: Ball 1-0: Foul Ball, location: 2F 1-1: Ground out U3 (Groundball, 3)
|
Batting: LHB Jim Unknown
|
0-0: Ball 1-0: Called Strike 1-1: Ball 2-1: Foul Ball, location: 2F 2-2: Ball 3-2: Foul Ball, location: 2F 3-2: Fly out, F8 (Flyball, 8LM)
|
Batting: RHB Ed Sharp
|
0-0: Ball 1-0: Ball 2-0: Foul Ball, location: 2F 2-1: Foul Ball, location: 2F 2-2: SINGLE (Flyball, 3D)
|
Batting: RHB Ben Anderson
|
0-0: Ball Wild Pitch! Ed Sharp to second 1-0: Foul Ball, location: 2F 1-1: Ball 2-1: Ball 3-1: Foul Ball, location: 2F 3-2: Foul Ball, location: 2F 3-2: SINGLE (Groundball, 34D) Ed Sharp to third Ed Sharp scores
|
Batting: RHB Carl Tucker
|
0-0: Called Strike Ben Anderson steals 2nd base 0-1: Ball 1-1: Fly out, F8 (Flyball, 8LM)
|
Top of the 4th over - 1 run(s), 2 hit(s), 0 error(s), 1 left on base; Phoenix Hotspur 10 - Marquette 2 |
BOTTOM OF THE 4TH |
Marquette Miners batting - Pitching for Phoenix Hotspur Youth : LHP Ricardo Sánchez
|
Batting: RHB Ken Little
|
0-0: Ball 1-0: Foul Ball, location: 2F 1-1: Ground out 5-3 (Groundball, 56)
|
Batting: LHB Propsero Lavin
|
0-0: Ball 1-0: Swinging Strike 1-1: Ball 2-1: Ball 3-1: SINGLE (Line Drive, 6D)
|
Batting: LHB Dong-hwan Yun
|
0-0: Ball 1-0: Called Strike Propsero Lavin steals 2nd base 1-1: SINGLE (Groundball, 3D) Propsero Lavin to third Runner from 3rd tries for Home, SAFE, no throw
|
Batting: RHB Harvey Spectre
|
0-0: Foul Ball, location: 2F 0-1: Foul Ball, location: 2F 0-2: Strikes out looking
|
Batting: LHB Greg Gross
|
0-0: Fly out, F4 (Line Drive, 4)
|
Bottom of the 4th over - 1 run(s), 2 hit(s), 0 error(s), 1 left on base; Phoenix Hotspur 10 - Marquette 3 |
TOP OF THE 5TH |
Phoenix Hotspur Youth batting - Pitching for Marquette Miners : RHP Mario Castillo
|
Batting: RHB Billy Strauss
|
0-0: Called Strike 0-1: Foul Ball, location: 2F 0-2: Ground out 6-3 (Groundball, 6S)
|
Batting: LHB Derek Blair
|
0-0: Ball 1-0: Fly out, F8 (Flyball, 8LS)
|
Batting: LHB Richard Alpert
|
0-0: Ball 1-0: Foul Ball, location: 2F 1-1: SINGLE (Groundball, 4MD)
|
Batting: LHB Luis Díaz
|
0-0: Ball 1-0: Called Strike 1-1: Ball 2-1: Ball 3-1: Foul Ball, location: 2F 3-2: Strikes out swinging
|
Top of the 5th over - 0 run(s), 1 hit(s), 0 error(s), 1 left on base; Phoenix Hotspur 10 - Marquette 3 |
BOTTOM OF THE 5TH |
Marquette Miners batting - Pitching for Phoenix Hotspur Youth : LHP Ricardo Sánchez
|
Batting: LHB Locke Lamora
|
0-0: Ball 1-0: Ground out 4-3 (Groundball, 4)
|
Batting: RHB Gerald Ambler
|
0-0: Called Strike 0-1: Foul Ball, location: 2F 0-2: Ball 1-2: Strikes out swinging
|
Batting: RHB Isaac Downey
|
0-0: Ball 1-0: Swinging Strike 1-1: Ball 2-1: Ball 3-1: Base on Balls
|
Batting: LHB Ramón Hernández
|
0-0: Called Strike 0-1: Ball 1-1: Called Strike 1-2: Ball 2-2: Ball 3-2: Base on Balls Isaac Downey to second
|
Batting: RHB Ken Little
|
0-0: Called Strike 0-1: Swinging Strike 0-2: Ball 1-2: Ball 2-2: Fly out, F7 (Flyball, 78S)
|
Bottom of the 5th over - 0 run(s), 0 hit(s), 0 error(s), 2 left on base; Phoenix Hotspur 10 - Marquette 3 |
TOP OF THE 6TH |
Phoenix Hotspur Youth batting - Pitching for Marquette Miners : RHP Mario Castillo
|
Pitching: RHP Rafael Martínez
|
|
Batting: LHB Ricardo Peña
|
0-0: Ball 1-0: Swinging Strike 1-1: Ball 2-1: Swinging Strike 2-2: Ball 3-2: Strikes out swinging
|
Batting: LHB Jim Unknown
|
0-0: Ball 1-0: SINGLE (Groundball, 56D)
|
Batting: RHB Ed Sharp
|
0-0: Ball 1-0: Ball 2-0: Swinging Strike 2-1: Ball 3-1: Foul Ball, location: 2F 3-2: Strikes out looking
|
Batting: RHB Ben Anderson
|
0-0: Called Strike 0-1: Fielders Choice at 2nd, 6-4 (Groundball, 56)
|
Top of the 6th over - 0 run(s), 1 hit(s), 0 error(s), 0 left on base; Phoenix Hotspur 10 - Marquette 3 |
BOTTOM OF THE 6TH |
Marquette Miners batting - Pitching for Phoenix Hotspur Youth : LHP Ricardo Sánchez
|
Batting: LHB Propsero Lavin
|
0-0: Called Strike 0-1: Ball 1-1: Ground out 4-3 (Groundball, 4)
|
Batting: LHB Dong-hwan Yun
|
0-0: Ball 1-0: Ball 2-0: Called Strike 2-1: Called Strike 2-2: Strikes out swinging
|
Batting: RHB Harvey Spectre
|
0-0: Swinging Strike 0-1: Ball 1-1: Called Strike 1-2: Strikes out swinging
|
Bottom of the 6th over - 0 run(s), 0 hit(s), 0 error(s), 0 left on base; Phoenix Hotspur 10 - Marquette 3 |
TOP OF THE 7TH |
Phoenix Hotspur Youth batting - Pitching for Marquette Miners : RHP Rafael Martínez
|
Batting: RHB Carl Tucker
|
0-0: Ball 1-0: Ball 2-0: Ball 3-0: Base on Balls
|
Batting: RHB Billy Strauss
|
0-0: Ball 1-0: Fly out, F9 (Flyball, 9S)
|
Batting: LHB Derek Blair
|
0-0: Ball 1-0: DOUBLE (Flyball, 78M) Carl Tucker to third
|
Batting: LHB Richard Alpert
|
0-0: Swinging Strike 0-1: Foul Ball, location: 2F 0-2: Strikes out looking
|
Batting: LHB Luis Díaz
|
0-0: Ball 1-0: Ball 2-0: Called Strike 2-1: Foul Ball, location: 2F 2-2: SINGLE (Line Drive, 56D) Carl Tucker scores Derek Blair to third Runner from 3rd tries for Home, SAFE, no throw
|
Batting: LHB Ricardo Peña
|
0-0: Ball Throwing error on steal attempt, E2 Luis Díaz to third 1-0: Ball 2-0: Fly out, F7 (Flyball, 7LM)
|
Top of the 7th over - 2 run(s), 2 hit(s), 1 error(s), 1 left on base; Phoenix Hotspur 12 - Marquette 3 |
BOTTOM OF THE 7TH |
Marquette Miners batting - Pitching for Phoenix Hotspur Youth : LHP Ricardo Sánchez
|
Batting: LHB Greg Gross
|
0-0: Ball 1-0: Called Strike 1-1: Fly out, F8 (Flyball, 8LS)
|
Batting: LHB Locke Lamora
|
0-0: SINGLE (Groundball, 3) (infield hit)
|
Pitching: LHP Juan López
|
|
Batting: RHB Gerald Ambler
|
0-0: Ball 1-0: Foul Ball, location: 2F 1-1: Reached on error, E5 (Groundball, 56) Locke Lamora to second
|
Batting: RHB Isaac Downey
|
0-0: Called Strike 0-1: Foul Ball, location: 2F 0-2: Foul Ball, location: 2F 0-2: Ball 1-2: Fly out, F9 (Flyball, 9LS)
|
Batting: LHB Ramón Hernández
|
0-0: Ball 1-0: Ball 2-0: SINGLE (Line Drive, 8LS) Locke Lamora to third Gerald Ambler to second Runner from 3rd tries for Home, SAFE, throw made at trailing runner, OUT at third!
|
Bottom of the 7th over - 1 run(s), 2 hit(s), 1 error(s), 1 left on base; Phoenix Hotspur 12 - Marquette 4 |
TOP OF THE 8TH |
Phoenix Hotspur Youth batting - Pitching for Marquette Miners : RHP Rafael Martínez
|
Batting: LHB Jim Unknown
|
0-0: Ball 1-0: Called Strike 1-1: Ball 2-1: Swinging Strike 2-2: Ball 3-2: Foul Ball, location: 2F 3-2: Base on Balls
|
Batting: RHB Ed Sharp
|
0-0: Called Strike 0-1: Grounds into double play, 6-4-3 (Groundball, 6)
|
Batting: RHB Ben Anderson
|
0-0: Ball 1-0: Ball 2-0: Called Strike 2-1: Ball 3-1: Base on Balls
|
Batting: RHB Carl Tucker
|
0-0: Ball 1-0: Fly out, F9 (Flyball, 89M)
|
Top of the 8th over - 0 run(s), 0 hit(s), 0 error(s), 1 left on base; Phoenix Hotspur 12 - Marquette 4 |
BOTTOM OF THE 8TH |
Marquette Miners batting - Pitching for Phoenix Hotspur Youth : LHP Juan López
|
Now at 2B: Kenny Scott
|
|
Batting: RHB Ken Little
|
0-0: Called Strike 0-1: Foul Ball, location: 2F 0-2: Strikes out looking
|
Batting: LHB Propsero Lavin
|
0-0: Ball 1-0: Called Strike 1-1: Called Strike 1-2: Foul Ball, location: 2F 1-2: Ball 2-2: Ball 3-2: Base on Balls
|
Batting: LHB Dong-hwan Yun
|
0-0: Called Strike 0-1: Called Strike 0-2: Ball 1-2: Fly out, F8 (Line Drive, 8LD) Runner from 1st tags up, SAFE at 2nd
|
Batting: RHB Harvey Spectre
|
0-0: Foul Ball, location: 2F 0-1: Ball 1-1: Ground out 4-3 (Groundball, 4S)
|
Bottom of the 8th over - 0 run(s), 0 hit(s), 0 error(s), 1 left on base; Phoenix Hotspur 12 - Marquette 4 |
TOP OF THE 9TH |
Phoenix Hotspur Youth batting - Pitching for Marquette Miners : RHP Rafael Martínez
|
Pitching: LHP Jim Unknown
|
|
Batting: RHB Billy Strauss
|
0-0: Foul Ball, location: 2F 0-1: Ground out 6-3 (Groundball, 56)
|
Batting: LHB Derek Blair
|
0-0: Called Strike 0-1: Ball 1-1: Called Strike 1-2: DOUBLE (Line Drive, 89D)
|
Batting: LHB Richard Alpert
|
0-0: Ground out 4-3 (Groundball, 4D) Derek Blair to third
|
Batting: LHB Luis Díaz
|
0-0: Ball 1-0: Called Strike 1-1: Foul Ball, location: 2F 1-2: Ball 2-2: SINGLE (Groundball, 6MD) Derek Blair scores
|
Batting: LHB Ricardo Peña
|
0-0: Fly out, F6 (Line Drive, 6)
|
Top of the 9th over - 1 run(s), 2 hit(s), 0 error(s), 1 left on base; Phoenix Hotspur 13 - Marquette 4 |
BOTTOM OF THE 9TH |
Marquette Miners batting - Pitching for Phoenix Hotspur Youth : LHP Juan López
|
Batting: LHB Greg Gross
|
0-0: Ball 1-0: Ball 2-0: Ball 3-0: Base on Balls
|
Batting: LHB Locke Lamora
|
0-0: Called Strike 0-1: DOUBLE (Line Drive, 7LM) Greg Gross to third
|
Batting: RHB Gerald Ambler
|
0-0: Called Strike 0-1: Fly out, F8 (Flyball, 8LS)
|
Batting: RHB Isaac Downey
|
0-0: Called Strike 0-1: Ball 1-1: Ball 2-1: Ground out 1-3 (Groundball, 13S)
|
Batting: LHB Ramón Hernández
|
0-0: Foul Ball, location: 2F 0-1: Ball 1-1: Foul Ball, location: 2F 1-2: Ball 2-2: SINGLE (Groundball, 6M) (infield hit) Greg Gross scores Locke Lamora to third
|
Batting: RHB Ken Little
|
0-0: Ball 1-0: Called Strike 1-1: Ball 2-1: Ball 3-1: Base on Balls Ramón Hernández to second
|
Batting: LHB Propsero Lavin
|
0-0: Called Strike 0-1: Ball 1-1: Swinging Strike 1-2: Strikes out swinging
|
Bottom of the 9th over - 1 run(s), 2 hit(s), 0 error(s), 3 left on base; Phoenix Hotspur 13 - Marquette 5 |
|